 Dungeon Crawl Stone Soup version 0.29.0-4-gdea44cf6ec (webtiles) character file.

Game seed: 11520000752842343158

86 qw the Sneak (level 4, -8/28 HPs)
             Began as a Gargoyle Delver on Sept 10, 2022.
             Mangled by an iguana (9 damage)
             ... on level 5 of the Dungeon.
             The game lasted 00:00:06 (381 turns).

qw the Sneak (Gargoyle Delver)                       Turns: 381, Time: 00:00:07

Health: -8/28      AC:  6    Str: 18    XL:     4   Next: 50%
Magic:  4/4        EV: 11    Int: 10    God:
Gold:   0          SH:  0    Dex: 11    Spells: 3/3 levels left

rFire   . . .      SeeInvis .   a - +0 hand axe
rCold   . . .      Faith    .   (no shield)
rNeg    + . .      Spirit   .   b - +0 leather armour
rPois   inf        Reflect  .   (no helmet)
rElec   +          Harm     .   (no cloak)
rCorr   .          Rampage  .   (no gloves)
Will    .....                   (no boots)
Stlth   +++.......              (no amulet)
HPRegen 0.09/turn               (no ring)
MPRegen 0.09/turn               (no ring)

@: no status effects
A: sickness immunity, AC +3, negative energy resistance 1, electricity
resistance, torment resistance 1, petrification resistance
a: no special abilities


You were on level 5 of the Dungeon.
You visited 1 branch of the dungeon, and saw 1 of its levels.


Innate Abilities, Weirdness & Mutations

You are immune to sickness and miasma.
Your stone body is resilient. (AC +3)
You are immune to poison.
You resist negative energy. (rN+)
You are resistant to electric shocks. (rElec)
You are resistant to unholy torment.
You are immune to petrification.


   Skills:
 - Level 3.2 Fighting
 + Level 4.2 Axes
 - Level 1.5 Dodging
 - Level 5.4 Stealth


You had 3 spell levels left.
You didn't know any spells.
Your spell library was empty.

Inventory:

Hand Weapons
 a - a +0 hand axe (weapon)
Armour
 b - a +0 leather armour (worn)
Wands
 g - a wand of digging (3)
Scrolls
 c - a scroll of fog
 d - a scroll of magic mapping
 e - a scroll of fear
Potions
 f - a potion of haste

Dungeon Overview and Level Annotations

Branches:
Dungeon (5/15)
 Temple: D:4-7

Altars:


Message History

The necrophage hits you.
You barely miss the necrophage.
The necrophage is almost destroyed.
The necrophage hits you but does no damage.
You hit the necrophage.
The necrophage is almost destroyed.
The necrophage misses you.
You barely miss the necrophage.
The necrophage is almost destroyed.
The necrophage closely misses you.
You hit the necrophage.
You destroy the necrophage!
Your Axes skill increases to level 4!
You have reached level 4!
You feel stronger.
You start resting.
An iguana comes into view.
372 ||| Stepping ~*~*~tactically~*~*~ (stealth).
You see here a necrophage corpse.
You start resting.
An iguana is nearby!
374 ||| Stepping ~*~*~tactically~*~*~ (stealth).
Found an escape hatch in the floor.
You barely miss the iguana.
The iguana hisses angrily.
The iguana barely misses you.
You closely miss the iguana. The iguana bites you! x2
You hit the iguana.
The iguana is moderately wounded.
The iguana bites you but does no damage.
You hit the iguana but do no damage.
The iguana is moderately wounded.
The iguana closely misses you.
You hit the iguana.
The iguana is moderately wounded.
The iguana barely misses you.
You closely miss the iguana. You punch the iguana, but do no damage.
The iguana is moderately wounded.
The iguana bites you!
You die...

.#.##.#.#.# #..## ..
##. #.#.#.# #...# .
##.##...#.####.#.# .#
#.......#...##.#.##.###
#..####.###.##.#.#.....
..#####.##..........# .
#........#.......##
#.#####...#.##l#...#
###.#.##@# #l# #.#.##.#
# #.#.##.# #.#.##.#
#...##.. ##..##.. . #..
.. #.>#


You could see an iguana.

Vanquished Creatures
  A necrophage (D:5)
  A hound (D:5)
2 creatures vanquished.

Notes
Turn   | Place    | Note
-------+----------+-------------------------------------------
     0 | D:5      | qw the Gargoyle Delver began the quest for the Orb.
     0 | D:5      | Reached XP level 1. HP: 14/14 MP: 1/1
     0 | D:5      | 0 ||| qw: Version: 0.1-a-117-gfe26ee0
     0 | D:5      | 0 ||| qw: Game counter: 9671
     0 | D:5      | 0 ||| qw: Always use a shield: true
     0 | D:5      | 0 ||| qw: God list: Okawaru
     0 | D:5      | 0 ||| qw: Allow faded altars: false
     0 | D:5      | 0 ||| qw: Do Orc after D:15 true
     0 | D:5      | 0 ||| qw: Do second Lair branch before Depths: true
     0 | D:5      | 0 ||| qw: Lair rune preference: random
     0 | D:5      | 0 ||| qw: Plans: Normal
     0 | D:5      | 0 ||| PLANNING D:1-11
     5 | D:5      | Noticed a hound
    25 | D:5      | HP: 2/14 [hound (4)]
    27 | D:5      | Killed a hound
    28 | D:5      | Reached skill level 3 in Axes
    28 | D:5      | Reached XP level 2. HP: 3/19 MP: 2/2
    28 | D:5      | Reached XP level 3. HP: 3/23 MP: 3/3
   329 | D:5      | Noticed a necrophage
   330 | D:5      | 330 ||| Stepping ~*~*~tactically~*~*~ (stealth).
   355 | D:5      | Killed a necrophage
   356 | D:5      | Reached XP level 4. HP: 14/28 MP: 4/4
   372 | D:5      | 372 ||| Stepping ~*~*~tactically~*~*~ (stealth).
   374 | D:5      | 374 ||| Stepping ~*~*~tactically~*~*~ (stealth).
   377 | D:5      | HP: 1/28 [iguana (8)]
   381 | D:5      | Mangled by an iguana

Levels and vault maps discovered:
D:5:      layout_rooms, mainiacjoe_overflow_surrounded_room,
          kennysheep_mini_moat, kennysheep_generic_room_7, uniq_menkaure,
          uniq_grinder, uniq_edmund

Skill      XL: |  1  2  3 |
---------------+----------+-----
Axes           | 3 4 |  4.2
Fighting       | |  3.2
Dodging        | |  1.5
Stealth        | |  5.4

Action                   |  1- 3 |  4- 6 || total
-------------------------+-------+-------++-------
Melee: Hand axe          |    31 |     6 ||    37
       Punch             |       |     1 ||     1
Armor: Leather armour    |    10 |     1 ||    11
Dodge: Dodged            |    16 |     3 ||    19

Table legend:
 A = Non-vault XP
 B = Vault XP
 C = Vault XP percentage of total XP
 D = Non-vault monster count
 E = Vault monster count
 F = Vault count percentage of total count
                 A         B        C        D         E       F
            +---------+---------+-------+---------+---------+-------
      Total |     124 |       0 |   0.0 |       2 |       0 |   0.0
            +---------+---------+-------+---------+---------+-------
        D:5 |     124 |       0 |   0.0 |       2 |       0 |   0.0
            +---------+---------+-------+---------+---------+-------
